 Dungeon Crawl Stone Soup version 0.29.1-2-gbd0b4ee654 (webtiles) character file.

Game seed: 6682536974366916144

15846 Sabo the Cleaver (level 12, -2/127 (141) HPs)
             Began as a Demonspawn Berserker on Nov 23, 2022.
             Was a High Priest of Trog.
             Constricted to death by Jorgrun (3 damage)
             ... on level 12 of the Dungeon.
             The game lasted 01:22:22 (18128 turns).

Sabo the Cleaver (Demonspawn Berserker)            Turns: 18128, Time: 01:22:22

HP:   -2/127 (141)  AC: 24    Str: 28    XL:     12   Next: 4%
MP:   12/12         EV:  2    Int: 10    God:    Trog [*****.]
Gold: 802           SH: 18    Dex: 12    Spells: 11/11 levels left

rFire   . . .      SeeInvis +   K - +3 broad axe
rCold   . . .      Faith    .   X - +0 tower shield
rNeg    . . .      Spirit   .   e - +0 plate armour
rPois   +          Reflect  +   a - +2 helmet
rElec   .          Harm     .   w - +0 cloak {rPois}
rCorr   .          Rampage  .   (no gloves)
Will    .....                   r - +2 pair of boots {Fly}
Stlth   ..........              A - amulet of reflection
HPRegen 0.31/turn               S - +6 ring of strength
MPRegen 0.13/turn               n - ring of see invisible

@: berserking, grasped by roots, flying, constricted, studying Polearms,
drained, very quick
A: thin metallic scales 2, demonic guardian 2, ignite blood 2, weakness stinger
2
a: Renounce Religion, Berserk, Trog's Hand, Brothers in Arms


You were on level 12 of the Dungeon.
You worshipped Trog.
Trog was extremely pleased with you.
You visited 1 branch of the dungeon, and saw 12 of its levels.
You also visited: Ossuary and Bailey.

You collected 802 gold pieces.

Inventory:

Hand Weapons
 f - the +11 sling "Qusoh" {freeze, Drain rElec rPois}
   (You took it off an orc on level 6 of the Dungeon)

   Any ammunition fired from it freezes those it strikes, dealing additional
   cold damage.
   It can also slow down cold-blooded creatures.
   rElec:     It insulates you from electricity.
   rPois:     It protects you from poison.
   Drain:     It drains your maximum health when unequipped.
 H - a +2 mace of venom
 K - a +3 broad axe (weapon)
 L - a +1 longbow of flaming
 M - a +0 arbalest
 W - a +1 hand axe of freezing
Missiles
 u - 19 poisoned darts
 J - 31 boomerangs (quivered)
Armour
 a - a +2 helmet (worn)
 e - a +0 plate armour (worn)
 r - a +2 pair of boots of flying (worn)
 w - a +0 cloak of poison resistance (worn)
 X - a +0 tower shield (worn)
Jewellery
 g - a ring of resist corrosion
 m - a ring of protection from cold
 n - a ring of see invisible (right hand)
 z - a ring of willpower
 A - an amulet of reflection (around neck)
 E - a ring of magical power
 S - a +6 ring of strength (left hand)
 V - a +6 ring of dexterity
Wands
 j - a wand of paralysis (4)
 l - a wand of acid (17)
 p - a wand of mindburst (6)
 t - a wand of polymorph (8)
 N - a wand of iceblast (4)
 O - a wand of flame (13)
Scrolls
 b - a scroll of poison
 d - 7 scrolls of teleportation
 h - 4 scrolls of summoning
 o - a scroll of fear
 y - 3 scrolls of butterflies
 D - a scroll of blinking
 T - a scroll of magic mapping
Potions
 c - 2 potions of degeneration {unknown}
 i - 5 potions of might
 k - 4 potions of curing
 q - 11 potions of flight
 s - 5 potions of heal wounds
 v - 4 potions of invisibility
 x - 4 potions of brilliance {unknown}
 F - a potion of berserk rage {unknown}
 P - a potion of magic {unknown}
 R - a potion of haste {unknown}
Miscellaneous
 G - a box of beasts
 I - a lightning rod (4/4)
 U - a piece from Xom's chessboard (15/15)


   Skills:
 + Level 8.7 Fighting
 + Level 2.4 Short Blades
 + Level 13.0 Axes
 + Level 1.9 Throwing
 + Level 8.4 Armour
 + Level 2.7 Dodging
 + Level 2.0 Stealth
 + Level 4.9 Shields


You had 11 spell levels left.
You didn't know any spells.
Your spell library was empty.

Dungeon Overview and Level Annotations

Branches:
Dungeon (12/15)            Temple (0/1) D:7            Lair (0/5) D:8
    Orc (0/2) D:10        Ossuary (visited)          Bailey (visited)

Altars:
Gozag

Shops:
D:2 =   D:11 *

Annotations:
D:12 Jorgrun


Innate Abilities, Weirdness & Mutations

You are mostly covered in thin metallic scales. (AC +3)
A demonic guardian rushes to your aid.
Your demonic aura often causes spilled blood to erupt in flames.
You have a tail ending in a sharp stinger.


Message History

You block Jorgrun's attack.
You hit Jorgrun.
Jorgrun is lightly wounded.
Jorgrun hits you with a staff of earth.
You closely miss Jorgrun.
Your tail-slap misses Jorgrun.
Jorgrun is lightly wounded.
Jorgrun points at you and mumbles some strange words.
Roots burst forth from the earth!
The grasping roots grab you! The grasping roots constrict you!
Jorgrun points at you and mumbles some strange words.
The iron shot hits you!!!
* * * LOW HITPOINT WARNING * * *
A demonic guardian appears!
The grasping roots constrict you!
* * * LOW HITPOINT WARNING * * *
A red film seems to cover your vision as you go berserk!
You feel yourself moving faster!
You feel mighty! Jorgrun hits you but does no damage.
The grasping roots constrict you.
* * * LOW HITPOINT WARNING * * *
You closely miss Jorgrun.
Jorgrun is lightly wounded.
You slice Jorgrun!!
Jorgrun is moderately wounded.
Your orange demon barely misses Jorgrun.
Jorgrun is engulfed in blazing flames.
Jorgrun hits you but does no damage. The grasping roots constrict you!
* * * LOW HITPOINT WARNING * * *
You slash Jorgrun! You tail-slap Jorgrun.
Jorgrun is heavily wounded.
Your orange demon stings Jorgrun from afar.
Jorgrun is engulfed in blazing flames.
Jorgrun hits you but does no damage. The grasping roots constrict you!
* * * LOW HITPOINT WARNING * * *
Unknown command.
You barely miss Jorgrun.
Jorgrun is heavily wounded.
Your orange demon barely misses Jorgrun.
Jorgrun is engulfed in blazing flames.
You block Jorgrun's attack. The grasping roots constrict you.
You die...

...............>....
####..................
......................
####...................
........)..............
.#............:.......
#....................
#.#...4................
#.....@○...............
#...#.g................
#...#..................
#.. ##.#.##.######.####
# #..###.# #.. #.# .#
#.# #.#


You could see Jorgrun (ally target) and a friendly orange demon (summoned).

Vanquished Creatures
  Josephine (D:11)
  A two-headed ogre (D:10)
  Pikel (D:7)
  A deep elf pyromancer (D:12)
  The ghost of croobank the Nimble, a novice FeSu of Gozag (D:8)
  A manticore (D:11)
  2 gargoyles (D:12)
  A tengu conjurer (D:11)
  The ghost of sigtrap the Sneak, a novice SpBr (D:5)
  3 hornets
  2 trolls
  8 wraiths
  Grum (D:8)
  11 yaks
  7 vampire mosquitoes (D:11)
  2 steam dragons
  Menkaure (D:7)
  A water moccasin (D:7)
  An acid dragon (D:10)
  A black bear (D:8)
  2 sky beasts (D:7)
  3 ice beasts (D:8)
  12 orc warriors
  2 ogres
  5 centaurs
  3 wolves (D:8)
  4 lemures (D:7)
  A phantom (D:7)
  3 kobold brigands
  A necrophage (D:8)
  2 scorpions
  3 bullfrogs
  A gnoll sergeant (D:9)
  2 water moccasin zombies (Ossuary)
  15 killer bees
  3 howler monkeys
  A crimson imp (D:6)
  5 orc priests
  A hound (D:5)
  2 jellies
  An iguana (D:4)
  19 orc wizards
  3 mummies
  11 gnolls
  4 adders
  5 shadow imps
  2 white imps
  3 ufetubi
  8 adder zombies (Ossuary)
  2 worms (D:3)
  2 dart slugs
  45 orcs
  2 bats (D:3)
  6 endoplasms
  5 giant cockroaches
  3 gnoll zombies (Ossuary)
  11 goblins
  13 hobgoblins
  5 jackals
  23 kobolds
  3 quokkas
  6 ball pythons
  A goblin zombie (D:4)
  3 hobgoblin zombies (Ossuary)
  8 kobold zombies (Ossuary)
  9 orc zombies
  3 rats
325 creatures vanquished.

Vanquished Creatures (collateral kills)
  Nessos (D:12)
  Psyche (D:11)
  A wraith (D:11)
  Sigmund (D:3)
  2 bullfrogs (D:7)
  A ball python (D:4)
  A frilled lizard (D:3)
8 creatures vanquished.

Vanquished Creatures (others)
  A sky beast (D:7)
  3 plants (D:9)
4 creatures vanquished.

Grand Total: 337 creatures vanquished

Notes
Turn   | Place    | Note
-------+----------+-------------------------------------------
     0 | D:1      | Sabo the Demonspawn Berserker began the quest for the Orb.
     0 | D:1      | Reached XP level 1. HP: 18/18 MP: 1/1
   301 | D:1      | Gained mutation: A weak demonic guardian rushes to your
                  | aid. [demonic ancestry]
   301 | D:1      | Reached XP level 2. HP: 14/21 MP: 2/2
   415 | D:1      | Found a faded altar of an unknown god.
  1544 | D:2      | Gained mutation: A demonic guardian rushes to your aid.
                  | [demonic ancestry]
  1544 | D:2      | Reached XP level 3. HP: 27/29 MP: 3/3
  1588 | D:2      | Found Jiposk Zity's Jewellery Shop.
  2106 | D:2      | Reached skill level 1 in Short Blades
  2636 | D:3      | Noticed Sigmund
  2644 | D:3      | Killed Sigmund
  2645 | D:3      | Reached skill level 3 in Axes
  2645 | D:3      | Reached XP level 4. HP: 37/37 MP: 4/4
  2645 | D:3      | Gained mutation: You are partially covered in thin metallic
                  | scales. (AC +2) [demonic ancestry]
  2645 | D:3      | Reached XP level 5. HP: 42/42 MP: 5/5
  3207 | D:3      | Reached ** piety under Trog
  4322 | D:4      | Found a sand-covered staircase.
  4374 | Ossuary  | Entered an ossuary
  4487 | Ossuary  | Gained mutation: You have a small tail. [demonic ancestry]
  4487 | Ossuary  | Reached XP level 6. HP: 36/48 MP: 6/6
  4651 | Ossuary  | Reached *** piety under Trog
  4652 | Ossuary  | Reached skill level 4 in Axes
  5085 | D:4      | Gained mutation: You have a tail ending in a sharp stinger.
                  | [demonic ancestry]
  5085 | D:4      | Reached XP level 7. HP: 52/54 MP: 7/7
  5390 | D:4      | Reached skill level 5 in Axes
  5790 | D:4      | Found an opulent altar of Gozag.
  6116 | D:5      | Entered Level 5 of the Dungeon
  6399 | D:5      | Found a runed translucent door.
  6404 | D:5      | Noticed sigtrap's ghost (novice SpBr)
  6700 | D:5      | Reached skill level 6 in Axes
  6756 | D:5      | Reached skill level 1 in Stealth
  7026 | D:5      | Reached XP level 8. HP: 59/61 MP: 8/8
  7234 | D:5      | Reached skill level 1 in Shields
  7439 | D:5      | Killed sigtrap's ghost
  7447 | D:5      | Reached skill level 5 in Fighting
  7447 | D:5      | Reached skill level 7 in Axes
  7842 | D:6      | Reached **** piety under Trog
  7873 | D:6      | Identified the +11 sling "Qusoh" {freeze, Drain rElec
                  | rPois}
  8562 | D:7      | Reached skill level 8 in Axes
  8618 | D:7      | Noticed Pikel
  8638 | D:7      | Killed Pikel
  8639 | D:7      | Reached skill level 5 in Armour
  8639 | D:7      | Gained mutation: You are mostly covered in thin metallic
                  | scales. (AC +3) [demonic ancestry]
  8639 | D:7      | Reached XP level 9. HP: 18/68 MP: 9/9
  8946 | D:7      | Found a flagged portal.
  8965 | Bailey   | Entered a bailey
  9159 | Bailey   | Reached skill level 1 in Throwing
  9166 | Bailey   | Reached skill level 9 in Axes
 10936 | D:7      | Noticed Menkaure
 10940 | D:7      | Killed Menkaure
 10941 | D:7      | Gained mutation: Your demonic aura sometimes causes spilled
                  | blood to erupt in flames. [demonic ancestry]
 10941 | D:7      | Reached XP level 10. HP: 76/76 MP: 10/10
 11032 | D:7      | Found a staircase to the Ecumenical Temple.
 11171 | D:8      | Found a transporter.
 11172 | D:8      | Found a transporter.
 11172 | D:8      | Noticed croobank's ghost (novice FeSu)
 11336 | D:8      | Reached skill level 10 in Axes
 11746 | D:8      | Found a staircase to the Lair.
 12011 | D:8      | Noticed Grum
 12021 | D:8      | Killed Grum
 12816 | D:8      | Killed croobank's ghost
 12817 | D:8      | Reached skill level 11 in Axes
 13193 | D:9      | Reached XP level 11. HP: 71/84 MP: 11/11
 13365 | D:9      | Reached ***** piety under Trog
 14388 | D:10     | Entered Level 10 of the Dungeon
 14654 | D:10     | Noticed a two-headed ogre
 14661 | D:10     | Killed a two-headed ogre
 14843 | D:10     | Found a staircase to the Orcish Mines.
 14934 | D:10     | Reached skill level 12 in Axes
 15672 | D:11     | Noticed Psyche
 15675 | D:11     | Noticed Josephine
 15689 | D:11     | Killed Psyche
 15691 | D:11     | Killed Josephine
 16467 | D:11     | Found Feodux's Assorted Antiques.
 17600 | D:12     | Noticed Nessos
 17603 | D:12     | Noticed a deep elf pyromancer
 17612 | D:12     | Killed a deep elf pyromancer
 17614 | D:12     | Killed Nessos
 17615 | D:12     | Gained mutation: Your demonic aura often causes spilled
                  | blood to erupt in flames. [demonic ancestry]
 17615 | D:12     | Reached XP level 12. HP: 34/94 MP: 12/12
 17935 | D:12     | Reached skill level 13 in Axes
 18113 | D:12     | Noticed Jorgrun
 18127 | D:12     | HP: 1/127 [constriction (9)]
 18128 | D:12     | Constricted to death by Jorgrun

Illustrated notes

Levels and vault maps discovered:
D:1:      saegor_arrival_simple_e, layout_basic,
          shapermc_ecumenical_altar_acropolis
D:2:      layout_basic, serial_shops, shop
D:3:      layout_basic, serial_co_window_serial, co_window_paths_a,
          co_window_corner_a, co_window_corner_a, co_window_paths_b,
          co_window_corner_a, co_window_cross_1, co_window_broadway_c,
          co_window_broadway_a, co_window_corner_cb, co_window_cross_3,
          co_window_sun, co_window_paths_e, uniq_sigmund
D:4:      layout_gridville, grunt_gozag_breadcrumbs, nicolae_ossuary_entry_giza
D:5:      layout_basic, ebering_ghost_inner_flame, kennysheep_opposing_triangles
D:6:      layout_loops_cross, minmay_fire_ice_demons
D:7:      minmay_razor_zed, layout_basic, temple_hall, enter_bailey_4,
          uniq_pikel, uniq_menkaure
D:8:      layout_loops_cross, dpeg_oklobed_lair, gammafunk_ghost_hive,
          minivault_22, uniq_grum
D:9:      layout_long_grid, serial_bayou_pond_d, nicolae_lava_and_water,
          minivault_5
D:10:     layout_rooms, david_orc_2
D:11:     layout_loops_corners, serial_shops,
          nicolae_shop_temple_entry_statues_fountains, uniq_psyche,
          uniq_josephine
D:12:     layout_basic, minivault_26, patterned_corridor, uniq_nessos,
          uniq_jorgrun

Skill      XL: |  1  2  3  4  5  6  7  8  9 10 11 12 |
---------------+-------------------------------------+-----
Dodging        | 2 |  2.7
Armour         | 2 3 4 5 6 7 8 |  8.4
Short Blades   | 2 |  2.4
Axes           | 3 4 6 8 9 11 12 13 | 13.0
Fighting       | 4 5 6 7 8 |  8.7
Stealth        | 1 2 |  2.0
Shields        | 2 3 4 |  4.9
Throwing       | 1 |  1.9

Action                   |  1- 3 |  4- 6 |  7- 9 | 10-12 || total
-------------------------+-------+-------+-------+-------++-------
Melee: Hand axe          |    18 |       |       |       ||    18
       Short sword       |    77 |       |       |       ||    77
       Punch             |     1 |     1 |     4 |     6 ||    12
       War axe           |     6 |   204 |   264 |       ||   474
       Tailslap          |       |     9 |    34 |    53 ||    96
       Broad axe         |       |       |    62 |   425 ||   487
Throw: Boomerang         |       |       |    16 |       ||    16
Invok: Berserk           |     1 |       |     6 |     6 ||    13
  Use: Scroll            |     4 |     3 |     9 |     7 ||    23
       Potion            |       |       |     1 |     4 ||     5
 Stab: Distracted        |       |       |     1 |       ||     1
Armor: Plate armour      |    65 |   145 |   264 |   357 ||   831
       Animal skin       |     1 |       |       |       ||     1
Dodge: Dodged            |    38 |    58 |    97 |   175 ||   368
Block: Other             |       |       |    82 |   101 ||   183
       Reflection        |       |       |     9 |     8 ||    17
       Buckler           |       |       |       |    33 ||    33
       Tower shield      |       |       |       |    12 ||    12
